cohdb
Replays
Latest Replays
All Replays
Popular Replays
Top Player Replays
Match Explorer
How It Works
Community
CoH3 Stats
Reddit
Sign in to upload your games and track your stats! →
Sign in with Steam
Match 46539285
Unlisted
Match 46539285
Overview
Messages
Build Orders
End
Kradschützen Motorcycle Team
Panzergrenadier Squad
Selects Battlefield Espionage Battlegroup
250 Light Carrier
Panzergrenadier Squad
Selects 250/3 Funkpanzerwagen
250/3 Funkpanzerwagen
Selects Intel Disruption Beacon
Construct Light Support Kompanie
Fire Support Elements
Flakvierling Half-track
Assault Mechanized Group
Panzerjäger Squad
Vehicle Survival Package
Selects Anti-Tank Incendiary Munitions
Pak 38 Anti-tank Gun Team
Construct Panzerarmee Kommand
Selects Transfer Depots
Walking Stuka Rocket Launcher
Forward Retreat Point
2.5-tonne Medical Truck
2.5-tonne Medical Truck
Assault Mechanized Group
Selects Firestorm
Veteran Squad Leaders
aSIISpanky
Ghost
aSIIDemolitionHammer
Lyntune
rangeman
Stock is best property
0
0
Comments
sign in to comment!
No comments posted yet!